 Dungeon Crawl Stone Soup version 0.29.0-4-gdea44cf6ec (webtiles) character file.

Game seed: 3065481487131351586

137 qw the Chopper (level 5, -1/30 HPs)
             Began as a Tengu Warper on Aug 28, 2022.
             Slain by a goblin
             ... wielding a +0 club
             ... led by Robin
              (3 damage)
             ... on level 2 of the Dungeon.
             The game lasted 00:00:06 (1553 turns).

qw the Chopper (Tengu Warper)                       Turns: 1553, Time: 00:00:07

Health: -1/30      AC:  3    Str: 13    XL:     5   Next: 20%
Magic:  9/9        EV: 14    Int: 13    God:
Gold:   100        SH:  0    Dex: 14    Spells: 8/8 levels left

rFire   . . .      SeeInvis .   Y - +0 war axe
rCold   . . .      Faith    .   (no shield)
rNeg    . . .      Spirit   .   b - +0 leather armour
rPois   .          Reflect  .   (helmet restricted)
rElec   .          Harm     .   (no cloak)
rCorr   .          Rampage  .   (no gloves)
Will    .....                   (boots unavailable)
Stlth   +.........              (no amulet)
HPRegen 0.10/turn               (no ring)
MPRegen 0.11/turn               (no ring)

@: flying quickly and evasively, quick
A: beak, talons 3, nimble flight
a: no special abilities


You were on level 2 of the Dungeon.
You visited 1 branch of the dungeon, and saw 2 of its levels.

You collected 100 gold pieces.


Innate Abilities, Weirdness & Mutations

You have a beak for a mouth.
You have claws for feet.
Your magical nature lets you fly swiftly and evasively.


   Skills:
 - Level 2.0 Fighting
 + Level 5.7 Axes
 - Level 1.0 Throwing
 - Level 1.1 Armour
 - Level 2.1 Dodging
 - Level 2.0 Spellcasting
 - Level 2.4 Translocations


You had 8 spell levels left.
You didn't know any spells.
Your spell library contained the following spells:

 Spells                   Type           Power      Damage    Failure   Level
 Blink                    Tloc           14%        N/A       19%         2
 Gell's Gravitas          Tloc           7%         N/A       36%         3
 Lesser Beckoning         Tloc           7%         N/A       36%         3
 Teleport Other           Tloc           7%         N/A       36%         3
 Manifold Assault         Tloc           7%         N/A       98%         5

Inventory:

Hand Weapons
 d - a +0 club
 Y - a +0 war axe (weapon)
Armour
 b - a +0 leather armour (worn)
Wands
 i - a wand of digging (1)
Scrolls
 c - a scroll of butterflies {unknown}
 f - a scroll of identify {unknown}
 j - a scroll of vulnerability {unknown}
Potions
 a - a potion of invisibility {unknown}
 e - a potion of mutation {unknown}
 g - a potion of curing {unknown}
 h - a potion of might {unknown}

Dungeon Overview and Level Annotations

Branches:
Dungeon (2/15)

Altars:

Annotations:
D:2 1 runed translucent door, Crazy Yiuf, Robin


Message History

You closely miss the goblin. x2
The goblin barely misses you.
A goblin comes into view. It is wielding a +0 club.
The goblin hits you but does no damage.
Robin says, "Bow before me, strongest of all the hobgoblins!"
You barely miss the goblin. Your kick misses the goblin. You hit the goblin.
You closely miss the goblin. The goblin barely misses you.
The goblin hits you but does no damage. Robin throws the goblin at you!
The goblin barely misses you.
You slash the goblin!
You kill the goblin!
You hit the goblin but do no damage. You closely miss the hobgoblin.
You barely miss the goblin. You closely miss the goblin.
The goblin completely misses you. The goblin hits you with a +0 club.
Robin throws the goblin at you! The goblin hits you with a +0 club.
The goblin misses you. The hobgoblin misses you.
Robin roars a battlecry!
The goblins go into a battle-frenzy!
The goblin hits you with a +0 club. The goblin closely misses you.
The goblin misses you. The goblin hits you with a +0 dagger.
You hit the hobgoblin.
The hobgoblin is moderately wounded.
You barely miss the goblin. You closely miss the goblin.
You slash the hobgoblin!
You kill the hobgoblin!
You hit the goblin. You slash the goblin!
You kill the goblin!
The goblin hits you but does no damage. The hobgoblin closely misses you.
The goblin hits you with a +0 club. The goblin hits you but does no damage.
You hit the hobgoblin but do no damage.
You claw the hobgoblin, but do no damage.
You peck the hobgoblin, but do no damage.
The hobgoblin is moderately wounded.
You slash the goblin!
You kill the goblin!
You closely miss the goblin. You hit the goblin. The hobgoblin hits you.
The goblin hits you with a +0 club. The goblin closely misses you.
Robin throws the goblin at you! The goblin hits you with a +0 club.
You die...

#..###......
#..%........
##.######### .
#######.# .. #.. ....#
#### ...#####.##....#
.....
.........##.##.####...
.....gg%g..>........
.<...gg@g#..##.#..#
...#.###)..?...#..#
###....##).#
###........#
#..........######
#.#........##....
#.#.<.........###
#.#.###)......###
#######................


You could see Robin, 2 hobgoblins and 3 goblins.

Vanquished Creatures
  A black bear (D:2)
  An adder (D:2)
  2 dart slugs (D:2)
  A bat (D:1)
  2 endoplasms (D:1)
  A giant cockroach (D:1)
  6 goblins (D:2)
  5 hobgoblins
  6 kobolds
  2 quokkas
  4 ball pythons
  A frilled lizard (D:2)
  2 rats
34 creatures vanquished.

Notes
Turn   | Place    | Note
-------+----------+-------------------------------------------
     0 | D:1      | qw the Tengu Warper began the quest for the Orb.
     0 | D:1      | Reached XP level 1. HP: 12/12 MP: 4/4
     0 | D:1      | 0 ||| qw: Version: 0.1-a-89-g26bdef1
     0 | D:1      | 0 ||| qw: Game counter: 375
     0 | D:1      | 0 ||| qw: Always use a shield: true
     0 | D:1      | 0 ||| qw: God list: Okawaru
     0 | D:1      | 0 ||| qw: Allow faded altars: false
     0 | D:1      | 0 ||| qw: Do Orc after D:15 true
     0 | D:1      | 0 ||| qw: Do second Lair branch before Depths: true
     0 | D:1      | 0 ||| qw: Lair rune preference: random
     0 | D:1      | 0 ||| qw: Plans: Normal
     0 | D:1      | 0 ||| PLANNING D:1-11
   160 | D:1      | 160 ||| SWAPPING to +0 war axe.
   165 | D:1      | 165 ||| DROPPING +0 hand axe.
   225 | D:1      | Reached skill level 3 in Axes
   225 | D:1      | Reached XP level 2. HP: 11/17 MP: 6/6
   620 | D:1      | 620 ||| READING scroll labelled VAUCOE MAMACH.
   621 | D:1      | 621 ||| READING scroll labelled INIG JUQUYM.
   622 | D:1      | 622 ||| DROPPING scroll of blinking.
   651 | D:2      | 651 ||| STAIRDANCE
   775 | D:2      | Reached XP level 3. HP: 16/21 MP: 7/7
   933 | D:2      | 933 ||| Stepping ~*~*~tactically~*~*~ (stealth).
  1033 | D:2      | Noticed a black bear
  1038 | D:2      | HP: 5/21 [black bear (2)]
  1040 | D:2      | Killed a black bear
  1041 | D:2      | Reached skill level 5 in Axes
  1041 | D:2      | Reached XP level 4. HP: 6/26 MP: 8/8
  1041 | D:2      | Gained mutation: Your magical nature lets you fly swiftly
                  | and evasively. [Tengu growth]
  1041 | D:2      | Reached XP level 5. HP: 7/30 MP: 9/9
  1042 | D:2      | 1042 ||| Stepping ~*~*~tactically~*~*~ (stealth).
  1047 | D:2      | 1047 ||| Stepping ~*~*~tactically~*~*~ (stealth).
  1048 | D:2      | 1048 ||| Stepping ~*~*~tactically~*~*~ (stealth).
  1324 | D:2      | 1324 ||| Stepping ~*~*~tactically~*~*~ (hiding).
  1372 | D:2      | Identified the +7 dagger of the Grinning Sybil {vorpal,
                  | rElec rC+ Will-}
  1373 | D:2      | 1373 ||| Stepping ~*~*~tactically~*~*~ (stealth).
  1374 | D:2      | 1374 ||| Stepping ~*~*~tactically~*~*~ (stealth).
  1427 | D:2      | Found a runed translucent door.
  1428 | D:2      | Noticed Crazy Yiuf
  1545 | D:2      | Noticed Robin
  1553 | D:2      | HP: 7/30 [hobgoblin[Robin] (5)]
  1553 | D:2      | HP: 2/30 [goblin/+0 club[Robin] (5)]
  1553 | D:2      | Slain by a goblin

Levels and vault maps discovered:
D:1:      dpeg_arrival_renting, layout_basic
D:2:      layout_loops_cross, hellmonk_ecumenical_altar_lost_god,
          uniq_crazy_yiuf_cottage, uniq_robin

Skill      XL: |  1  2  3 |
---------------+----------+-----
Axes           | 3 5 |  5.7
Fighting       | |  2.0
Throwing       | |  1.0
Armour         | |  1.1
Dodging        | |  2.1
Spellcasting   | |  2.0
Translocations | |  2.4

Action                   |  1- 3 |  4- 6 || total
-------------------------+-------+-------++-------
Melee: War axe           |    34 |    27 ||    61
       Hand axe          |     3 |       ||     3
       Kick              |     7 |     7 ||    14
       Peck              |     2 |     4 ||     6
Throw: Boomerang         |     7 |       ||     7
  Use: Scroll            |     2 |       ||     2
Armor: Leather armour    |     4 |    10 ||    14
Dodge: Dodged            |    19 |    31 ||    50

Table legend:
 A = Non-vault XP
 B = Vault XP
 C = Vault XP percentage of total XP
 D = Non-vault monster count
 E = Vault monster count
 F = Vault count percentage of total count
                 A         B        C        D         E       F
            +---------+---------+-------+---------+---------+-------
      Total |     185 |      13 |   6.6 |      27 |       7 |  20.6
            +---------+---------+-------+---------+---------+-------
        D:1 |      22 |       0 |   0.0 |      13 |       0 |   0.0
        D:2 |     163 |      13 |   7.4 |      14 |       7 |  33.3
            +---------+---------+-------+---------+---------+-------
